 Dungeon Crawl Stone Soup version 0.31.0-1-g2c135a008e (webtiles) character file.

Game seed: 12855772329939489745

1875 qw the Shooter (level 9, 0/65 HPs)
             Began as a Djinni Hunter on Jan 24, 2024.
             Was a Follower of Okawaru.
             Slain by an orc
             ... wielding a +0 flail of protection
              (4 damage)
             ... on level 6 of the Dungeon.
             The game lasted 00:00:19 (4785 turns).

qw the Shooter (Djinni Hunter)                      Turns: 4785, Time: 00:00:20

Health: 0/65       AC:  9    Str: 10    XL:     9   Next: 36%
Gold:   188        EV: 13    Int: 10    God:    Okawaru [*.....] SH:  0 Dex: 22

rFire   + + .        a - +0 shortbow (heavy)
rCold   . . .        (shield currently unavailable)
rNeg    . . .        f - +2 ring mail {rC+}
rPois   inf          i - +1 helmet
rElec   .            (no cloak)
rCorr   .            (no gloves)
SInv    .            (boots unavailable)
Will    .....        (no amulet)
Stlth   +            (no ring)
HPRegen 0.30/turn    (no ring)
MPRegen 0.00/turn

%: infuse magic (-1 HP)
@: flying
A: sickness immunity, fire resistance 2, cold vulnerability 1, float, innate
caster, HP casting, extra vitality 1
a: Renounce Religion, Heroism


You were on level 6 of the Dungeon.
You worshipped Okawaru.
Okawaru was aware of your devotion.
You visited 2 branches of the dungeon, and saw 7 of its levels.

You collected 188 gold pieces.


Innate Abilities, Weirdness & Mutations

You are immune to sickness and miasma.
You are immune to poison.
Your flesh is very heat resistant. (rF++)
You are vulnerable to cold. (rC-)
You float through the air rather than walking.
You learn spells naturally, not from books.
Your magical power is your life essence.
You have superior vitality. (+4 MHP)


   Skills:
 - Level 5.0 Fighting
 + Level 7.8 Ranged Weapons
 - Level 2.4 Armour
 - Level 5.0 Dodging
 - Level 0.7 Stealth
 + Level 3.6 Invocations


You knew the following spells:

 Your Spells              Type           Power      Damage    Failure   Level
a - Freeze                Ice            0%         1d3       67%         1
b - Scorch                Fire           0%         2d5       80%         2
c - Gell's Gravitas       Tloc           0%         N/A       95%         3
d - Inner Flame           Hex/Fire       0%         N/A       95%         3
Your spell library was empty.

Inventory:

Hand Weapons
 a - a +0 heavy shortbow (weapon)
Armour
 f - a +2 ring mail of cold resistance (worn)
 h - a +1 leather armour of willpower
 i - a +1 helmet (worn)
Jewellery
 c - a +6 ring of strength
Wands
 b - a wand of paralysis (14)
Scrolls
 d - a scroll of identify
 e - 2 scrolls of brand weapon

Dungeon Overview and Level Annotations

Branches:
Dungeon (6/15)             Temple (1/1) D:5

Altars:
Ashenzari
Cheibriados
Elyvilon
Fedhas
Gozag
Hepliaklqana
Makhleb
Okawaru
Qazlal
Trog
Xom
Yredelemnul
Zin

Annotations:
D:5 1 runed translucent door, Crazy Yiuf


Message History

You shoot an arrow. The arrow hits the orc warrior!
You kill the orc warrior!
Okawaru accepts your kill.
The orc hits you with a +0 flail of protection.
The orc barely misses you. Something hits you but does no damage.
You feel your strength returning.
You shoot an arrow. The arrow hits the orc.
The orc is moderately wounded.
The orc misses you. The orc closely misses you. Something hits you.
The orc hits you but does no damage. Something hits you.
The orc hits you but does no damage.
You shoot an arrow. The arrow barely misses the orc.
The orc barely misses you. The orc hits you with a +0 mace.
You hear some strange, mumbled words.
Something tries to affect you, but you resist.
Something barely misses you.
The orc hits you with a +0 flail of protection.
The orc hits you but does no damage.
You shoot an arrow. The arrow hits the orc.
You kill the orc!
Okawaru accepts your kill. The orc barely misses you.
Something hits you but does no damage.
You shoot an arrow. The arrow closely misses the orc.
An orc wizard appears from thin air!
Reactivating autopickup.
The orc misses you.
The orc wizard mumbles some strange words.
The orc wizard flickers and vanishes!
Deactivating autopickup; reactivate with Ctrl-A.
Something hits you.
The orc hits you with a +0 flail of protection.
You shoot an arrow. The arrow hits the orc.
The orc is severely wounded.
The orc barely misses you.
You hear some strange, mumbled words.
Something tries to affect you, but you resist.
You hear some strange, mumbled words.
Something tries to affect you, but you resist.
The orc hits you with a +0 flail of protection.
You die...

.........# .........#
.........# ...#
.........# ...##
.........#+##....#
.................##
......o{).....(...##
#@)...........
#.............
########......##+#
#..............#.#
#..............#.#
#..........###...######
#..........#
###......###
#..........# #......#.%
#........).# #.#....#.#


You could see an orc.

Vanquished Creatures
  A steam dragon (D:5)
  Eustachio (D:6)
  A water moccasin (D:6)
  An orc warrior (D:6)
  2 ice beasts
  2 black bears
  An ogre (D:4)
  Blork the orc (D:6)
  3 killer bees (D:6)
  2 bombardier beetles (D:5)
  2 hounds (D:5)
  5 orc priests
  2 iguanas
  A sleepcap (D:4)
  4 orc wizards
  8 adders
  14 gnolls
  2 ufetubi (D:5)
  A ribbon worm (D:2)
  A dart slug (D:1)
  7 orcs
  7 endoplasms
  2 giant cockroaches (D:1)
  6 goblins
  10 hobgoblins
  10 jackals
  4 quokkas
  7 ball pythons
  5 bats
  6 frilled lizards
  12 kobolds
  2 rats (D:1)
133 creatures vanquished.

Notes
Turn   | Place    | Note
-------+----------+-------------------------------------------
     0 | D:1      | qw the Djinni Hunter began the quest for the Orb.
     0 | D:1      | Reached XP level 1. HP: 18/18 MP: 0/0
     0 | D:1      | 0 ||| qw: Version: 0.3-a-136-gdd3b4e8
     0 | D:1      | 0 ||| qw: Game counter: 1243
     0 | D:1      | 0 ||| qw: Melee chars always use a shield: true
     0 | D:1      | 0 ||| qw: God list: Okawaru
     0 | D:1      | 0 ||| qw: Allow faded altars: false
     0 | D:1      | 0 ||| qw: Do Orc after clearing Dungeon:15 true
     0 | D:1      | 0 ||| qw: Do second Lair branch before Depths: true
     0 | D:1      | 0 ||| qw: Lair rune preference: random
     0 | D:1      | 0 ||| qw: Goals: Normal
     0 | D:1      | 0 ||| PLANNING D:1-11
    68 | D:1      | Reached XP level 2. HP: 16/23 MP: 0/0
   190 | D:1      | Reached skill level 4 in Ranged Weapons
   190 | D:1      | Reached XP level 3. HP: 28/28 MP: 0/0
   190 | D:1      | Learned a level 1 spell: Freeze
   663 | D:1      | 663 ||| UPGRADING to +0 ring mail.
   673 | D:1      | 673 ||| DROPPING +0 leather armour.
   674 | D:1      | 674 ||| READING scroll labelled ESHAETE QEOKU.
   675 | D:1      | 675 ||| READING 3 scrolls labelled SUTORO VOGETT.
   675 | D:1      | 675 ||| BRANDING +0 shortbow.
   676 | D:1      | 676 ||| READING scroll labelled FUTHRE CAONI.
   677 | D:1      | 677 ||| DROPPING scroll of butterflies.
   825 | D:2      | Reached skill level 1 in Armour
   825 | D:2      | Reached XP level 4. HP: 29/34 MP: 0/0
   959 | D:2      | Found a snail-covered altar of Cheibriados.
  1019 | D:2      | Reached skill level 3 in Fighting
  1183 | D:2      | 1183 ||| UPGRADING to +1 leather armour of willpower.
  1193 | D:2      | 1193 ||| DROPPING +0 ring mail.
  1194 | D:2      | 1194 ||| DROPPING ring of wizardry.
  1195 | D:2      | 1195 ||| READING scroll labelled XOBEMP COALI.
  1256 | D:2      | 1256 ||| READING scroll labelled KIOCOTE JEMPEUMNY.
  1257 | D:2      | 1257 ||| READING scroll labelled TOG UBUTOOWAZU.
  1535 | D:3      | Found a faded altar of an unknown god.
  1701 | D:3      | 1701 ||| READING scroll labelled ICEOTRUAXT.
  1756 | D:4      | Noticed a black bear
  1757 | D:4      | Reached skill level 3 in Dodging
  1757 | D:4      | Reached XP level 5. HP: 40/40 MP: 0/0
  1757 | D:4      | Learned a level 2 spell: Scorch
  1766 | D:4      | HP: 10/40 [black bear (4)]
  1767 | D:4      | Killed a black bear
  1768 | D:4      | Reached XP level 6. HP: 13/46 MP: 0/0
  1918 | D:4      | Reached skill level 5 in Ranged Weapons
  2257 | D:4      | Noticed an ogre
  2263 | D:4      | Killed an ogre
  2264 | D:4      | Reached XP level 7. HP: 26/53 MP: 0/0
  2264 | D:4      | Learned a level 3 spell: Gell's Gravitas
  2392 | D:4      | Found a white marble altar of Elyvilon.
  2978 | D:4      | 2978 ||| UPGRADING to +0 helmet.
  2983 | D:4      | 2983 ||| READING scroll labelled WADODW COFUW.
  3084 | D:4      | 3084 ||| READING scroll labelled NEOLUI DIHO.
  3084 | D:4      | 3084 ||| ENCHANTING +0 helmet.
  3085 | D:4      | 3085 ||| READING scroll labelled NEEMOZY LYBB.
  3085 | D:4      | 3085 ||| IDENTIFYING bubbling grey potion
  3116 | D:5      | Entered Level 5 of the Dungeon
  3194 | D:5      | Found a staircase to the Ecumenical Temple.
  3195 | D:5      | 3195 ||| PLANNING TEMPLE
  3201 | Temple   | Entered the Ecumenical Temple
  3202 | Temple   | 3202 ||| PLANNING D:1-11
  3319 | D:5      | Noticed a steam dragon
  3325 | D:5      | Killed a steam dragon
  3326 | D:5      | Reached skill level 6 in Ranged Weapons
  3326 | D:5      | Reached XP level 8. HP: 55/58 MP: 0/0
  3495 | D:5      | Identified the +1 rapier of Disorder {heavy, rElec rPois
                  | rCorr Dex-3}
  3580 | D:5      | Found an iron altar of Okawaru.
  3581 | D:5      | 3581 ||| PLANNING OKAWARU WORSHIP
  3588 | D:5      | Became a worshipper of Warmaster Okawaru
  3589 | D:5      | 3589 ||| PLANNING D:1-11
  4007 | D:5      | Found a runed translucent door.
  4008 | D:5      | Noticed Crazy Yiuf
  4167 | D:5      | 4167 ||| UPGRADING to +2 ring mail of cold resistance.
  4177 | D:5      | 4177 ||| READING scroll of identify.
  4177 | D:5      | 4177 ||| IDENTIFYING yellow potion
  4178 | D:5      | 4178 ||| DROPPING potion of invisibility.
  4209 | D:6      | Noticed Eustachio
  4216 | D:6      | 4216 ||| RETREEEEATING.
  4217 | D:6      | 4217 ||| RETREEEEATING.
  4218 | D:6      | 4218 ||| RETREEEEATING.
  4219 | D:6      | 4219 ||| RETREEEEATING.
  4220 | D:6      | 4220 ||| RETREEEEATING.
  4221 | D:6      | 4221 ||| RETREEEEATING.
  4222 | D:6      | 4222 ||| RETREEEEATING.
  4222 | D:6      | HP: 13/58 [Eustachio/+0 falchion (5)]
  4223 | D:6      | 4223 ||| DRINKING potion of heal wounds.
  4224 | D:6      | 4224 ||| RETREEEEATING.
  4224 | D:6      | Killed Eustachio
  4225 | D:6      | Reached skill level 7 in Ranged Weapons
  4355 | D:6      | 4355 ||| DRINKING black potion.
  4356 | D:6      | 4356 ||| DRINKING glowing orange potion.
  4357 | D:6      | 4357 ||| DRINKING fuming clear potion.
  4378 | D:6      | 4378 ||| FLEEEEING.
  4379 | D:6      | 4379 ||| FLEEEEING.
  4382 | D:6      | 4382 ||| FLEEEEING.
  4384 | D:6      | 4384 ||| FLEEEEING.
  4429 | D:6      | Reached * piety under Okawaru
  4461 | D:6      | Reached skill level 1 in Invocations
  4461 | D:6      | Reached XP level 9. HP: 65/65 MP: 0/0
  4461 | D:6      | Learned a level 3 spell: Inner Flame
  4504 | D:6      | Noticed Blork the orc
  4506 | D:6      | 4506 ||| INVOKING Heroism.
  4508 | D:6      | Killed Blork the orc
  4521 | D:6      | Found a stormy altar of Qazlal.
  4593 | D:6      | 4593 ||| FLEEEEING.
  4594 | D:6      | 4594 ||| FLEEEEING.
  4608 | D:6      | 4608 ||| FLEEEEING.
  4609 | D:6      | 4609 ||| FLEEEEING.
  4610 | D:6      | 4610 ||| FLEEEEING.
  4611 | D:6      | 4611 ||| FLEEEEING.
  4616 | D:6      | 4616 ||| FLEEEEING.
  4617 | D:6      | 4617 ||| FLEEEEING.
  4774 | D:6      | Reached skill level 3 in Invocations
  4781 | D:6      | HP: 16/65 [something (1)]
  4782 | D:6      | HP: 5/65 [orc/+0 flail of protection (6)]
  4785 | D:6      | Slain by an orc

Levels and vault maps discovered:
D:1:      onia_arrival_pentagram, layout_basic
D:2:      layout_rooms, basic_altar
D:3:      layout_rooms, ebering_ecumenical_altar_mist
D:4:      layout_layer_cave, lemuel_doored_altar, minmay_fractal_squares_5
D:5:      layout_gridville, okawaru_ov_weapons_minmay, minmay_temple_entry_tees,
          uniq_crazy_yiuf_cottage
D:6:      minmay_flawed_box, layout_basic, nicolae_overflow_crystal_walls,
          nicolae_underground_beach, uniq_blork_the_orc, uniq_eustachio
Temple:   bh_familiar_temple

Skill      XL: |  1  2  3  4  5  6  7  8  9 |
---------------+----------------------------+-----
Ranged Weapons | 4 5 6 7 |  7.8
Armour         | 1 2 |  2.4
Fighting       | 3 4 5 |  5.0
Dodging        | 3 4 5 |  5.0
Invocations    | 1 3 |  3.6
Stealth        | |  0.7

Action                     |  1- 3 |  4- 6 |  7- 9 || total
---------------------------+-------+-------+-------++-------
   Fire: Shortbow          |   100 |   108 |   163 ||   371
 Invoke: Heroism           |       |       |     1 ||     1
    Use: Scroll            |     3 |     4 |     4 ||    11
         Potion            |       |       |     4 ||     4
 Armour: Leather armour    |    16 |    34 |    39 ||    89
         Ring mail         |     9 |     3 |    77 ||    89
  Dodge: Dodged            |    24 |    50 |   141 ||   215

Table legend:
 A = Non-vault XP
 B = Vault XP
 C = Vault XP percentage of total XP
 D = Non-vault monster count
 E = Vault monster count
 F = Vault count percentage of total count
                 A         B        C        D         E       F
            +---------+---------+-------+---------+---------+-------
      Total |    2278 |     401 |  15.0 |     124 |       9 |   6.8
            +---------+---------+-------+---------+---------+-------
        D:1 |      58 |       0 |   0.0 |      34 |       0 |   0.0
        D:2 |      45 |       0 |   0.0 |      13 |       0 |   0.0
        D:3 |      28 |       0 |   0.0 |      12 |       0 |   0.0
        D:4 |     390 |      57 |  12.8 |      27 |       5 |  15.6
        D:5 |     863 |       0 |   0.0 |      23 |       0 |   0.0
        D:6 |     894 |     344 |  27.8 |      15 |       4 |  21.1
            +---------+---------+-------+---------+---------+-------
